 Dungeon Crawl Stone Soup version 0.26.1-2-gb8aa6d0cf2 (webtiles) character file.

Game seed: 3127642906561741427

5979 funkygono the Basher (level 10, -2/61 HPs)
             Began as a Gargoyle Fighter on Mar 2, 2021.
             Was a High Priest of Okawaru.
             Slain by an orc knight
             ... wielding a +0 glaive
              (13 damage)
             ... in a bailey on Mar 3, 2021.
             The game lasted 00:23:31 (8980 turns).

funkygono the Basher (Gargoyle Fighter)             Turns: 8980, Time: 00:23:31

Health: -2/61      AC: 27    Str: 21    XL:     10   Next: 85%
Magic:  10/10      EV: 10    Int:  8    God:    Okawaru [*****.]
Gold:   2683       SH: 11    Dex:  9    Spells: 9/9 levels left

rFire    x . .     SeeInvis +   y - +2 flail (protect)
rCold    + . .     Faith    .   c - +0 kite shield
rNeg     + . .     Spirit   .   b - +1 scale mail of Fedhas's Vengeance {rC+ Str-3 SInv} (curse)
rPois    ∞         Reflect  .   H - +0 hat
rElec    +         Harm     .   J - +2 cloak "Zajucatu" {+Inv rElec rF- rCorr}
rCorr    +         Rampage  .   (no gloves)
Will     .....                  A - +0 pair of boots
Stlth    ..........             o - amulet of the acrobat
HPRegen  0.20/turn              C - ring of wizardry
MPRegen  0.12/turn              I - ring of flight

@: protection aura, studying Long Blades
A: negative energy resistance 1, electricity resistance, unbreathing,
petrification resistance, miasma immunity, AC +7
a: Renounce Religion, Evoke Invisibility, Evoke Flight, Heroism, Finesse


You were in a bailey.
You worshipped Okawaru.
Okawaru was extremely pleased with you.
You visited 1 branch of the dungeon, and saw 9 of its levels.
You also visited: Bailey.

You collected 2683 gold pieces.

Inventory:

Hand Weapons
 a - a +2 flail
 q - the +7 mace of the Unliving {drain, rF+ rC+ Will+ Dex+4, unknown}
   (Okawaru gifted it to you in a bailey)

   A truly terrible weapon, it drains the life of those it strikes.
   It affects your dexterity (+4).
   It protects you from fire.
   It protects you from cold.
   It affects your willpower, your defense against some magical effects.
 y - a +2 flail of protection (weapon)
 E - a +0 whip of freezing
Missiles
 h - 36 sling bullets
 i - 262 stones (quivered)
 j - 11 boomerangs
 k - 52 poisoned darts
 B - 2 silver javelins
 D - 135 arrows
Armour
 b - the cursed +1 scale mail of Fedhas's Vengeance (worn) {rC+ Str-3 SInv}
   (You found it on level 7 of the Dungeon)

   It affects your strength (-3).
   It protects you from cold.
   It lets you see invisible.
   It has a curse placed upon it.
 c - a +0 kite shield (worn)
 e - a +1 cloak
 w - +0 steam dragon scales
 z - a +4 ring mail of cold resistance
 A - a +0 pair of boots (worn)
 H - a +0 hat (worn)
 J - the +2 cloak "Zajucatu" (worn) {+Inv rElec rF- rCorr}
   (You found it on level 7 of the Dungeon)

   It makes you vulnerable to fire.
   It insulates you from electricity.
   It lets you turn invisible.
   It provides partial protection from all sources of acid and corrosion.
Jewellery
 o - an amulet of the acrobat (around neck)
 C - a ring of wizardry (left hand)
 F - the amulet "Nevvucw" {Inacc rF- Str+4 Int+4}
   (You found it on level 7 of the Dungeon)

   [amulet of inaccuracy]

   It reduces the accuracy of all your attacks.
   It affects your strength (+4).
   It affects your intelligence (+4).
   It makes you vulnerable to fire.
 I - a ring of flight (right hand)
 N - a cursed ring of attention {unknown}
Wands
 l - a wand of enslavement (4)
 M - a wand of polymorph (1)
 O - a wand of disintegration (8)
 P - a wand of iceblast (8)
Scrolls
 p - 4 scrolls of amnesia
 r - 2 scrolls of teleportation
 x - 2 scrolls of fear
 G - a scroll of identify
 K - 2 scrolls of remove curse
Potions
 d - 2 potions of might
 f - a potion of heal wounds
 g - 2 potions of lignification
 m - 3 potions of ambrosia
 n - 6 potions of curing
 s - a potion of mutation
 t - a potion of magic
 v - 2 potions of attraction
 L - a potion of brilliance
Books
 u - a manual of Long Blades


   Skills:
 + Level 6.7 Fighting
 + Level 10.0 Maces & Flails
 + Level 7.0 Armour
 + Level 4.3 Dodging
 + Level 0.8 Stealth
 + Level 9.3 Shields
 + Level 0.2 Invocations
 + Level 1.5 Evocations


You had 9 spell levels left.
You didn't know any spells.
Your spell library contained the following spells:

 Spells                   Type           Power        Failure   Level
 Animate Skeleton         Necr           0%           63%         1


Dungeon Overview and Level Annotations

Branches:
Dungeon (9/15)             Temple (0/1) D:5            Lair (0/6) D:9
 Bailey (1/1)
    Orc: D:9-12

Altars:
Ashenzari
Dithmenos
Gozag
Hepliaklqana
Kikubaaqudgha
Makhleb
Okawaru
Qazlal
Sif Muna
Trog
Vehumet
Xom


Innate Abilities, Weirdness & Mutations

You are resistant to torment.
Your stone body is resilient. (AC +7)
You are immune to poison.
You resist negative energy. (rN+)
You are resistant to electric shocks. (rElec)
You can survive without breathing.
You are immune to petrification.
You are immune to miasma.


Message History

The orc knight is heavily wounded.
Your scale mail of Fedhas's Vengeance prevents you from hitting the orc knight.
The orc knight is heavily wounded.
You block the orc knight's attack.
You closely miss the orc knight.
The orc knight is heavily wounded.
The orc knight hits you but does no damage.
You sock the orc knight!
The orc knight is severely wounded.
The orc knight hits you with a +0 glaive!
* * * LOW HITPOINT WARNING * * *
You closely miss the orc knight.
The orc knight is severely wounded.
You hit the orc knight but do no damage.
The orc knight is severely wounded.
You block the orc knight's attack.
You hit the orc knight but do no damage.
The orc knight is severely wounded.
The orc knight hits you with a +0 glaive!
You die...

### ##
#####∩###########.##
..##..(##.....##...#
≈..#...#.)≈≈≈..#...#
≈≈(...((.≈≈)≈≈.#o).#
(≈(()(().≈)∩.≈.'@..#
≈≈(.(((..≈≈.≈≈.#..$#
≈..#(.(#..≈≈≈..#)..#
).##.(.##.....##...#
#####∩###########.##
### ##


You could see an orc knight.

Vanquished Creatures
  Erica (D:8)
  Pikel (D:5)
  An orc knight (Bailey)
  Grinder (D:5)
  A wyvern (D:9)
  2 steam dragons (D:7)
  Edmund (D:5)
  7 orc warriors
  2 black bears
  An ice beast (D:7)
  4 ogres
  A phantom (D:7)
  3 centaurs
  4 lemures (D:5)
  A gnoll sergeant (D:6)
  2 bullfrogs
  2 scorpions
  A water moccasin zombie (D:7)
  2 water moccasin skeletons
  11 killer bees
  A wight (D:3)
  2 howler monkeys
  A bullfrog zombie (D:5)
  A centaur zombie (D:5)
  5 hounds
  2 jellies (D:5)
  A quasit (D:7)
  A bullfrog skeleton (D:4)
  4 orc priests
  A centaur skeleton (D:5)
  5 orc wizards
  Terence (D:2)
  4 iguanas
  6 worker ants
  2 worker ant zombies
  3 gnolls (D:7)
  A howler monkey skeleton (D:6)
  7 adders
  A shadow imp (D:6)
  4 white imps
  2 ufetubi
  3 oozes
  An adder skeleton (D:3)
  3 adder zombies
  A worm (D:3)
  3 dart slugs
  4 leopard geckos
  25 orcs
  7 bats
  7 giant cockroaches
  8 goblins
  4 hobgoblins
  6 jackals
  8 quokkas
  A ball python (D:2)
  8 frilled lizards
  2 jackal skeletons
  9 kobolds
  2 leopard gecko zombies (D:5)
  A quokka skeleton (D:4)
  9 rats
216 creatures vanquished.

Vanquished Creatures (collateral kills)
  4 orc warriors (Bailey)
4 creatures vanquished.

Vanquished Creatures (others)
  An ogre (D:7)
  3 orcs (Bailey)
  5 fungi (D:7)
9 creatures vanquished.

Grand Total: 229 creatures vanquished

Notes
Turn   | Place    | Note
-------+----------+-------------------------------------------
     0 | D:1      | funkygono the Gargoyle Fighter began the quest for the Orb.
     0 | D:1      | Reached XP level 1. HP: 14/14 MP: 1/1
   132 | D:1      | Reached XP level 2. HP: 19/19 MP: 2/2
   533 | D:1      | Reached XP level 3. HP: 23/23 MP: 3/3
   743 | D:2      | Found a shadowy altar of Dithmenos.
   795 | D:2      | Noticed Terence
   814 | D:2      | Killed Terence
   817 | D:2      | Reached XP level 4. HP: 29/29 MP: 4/4
   902 | D:2      | Reached skill level 3 in Maces & Flails
  1296 | D:2      | Reached skill level 1 in Dodging
  1564 | D:3      | Found a stormy altar of Qazlal.
  1629 | D:3      | Found a hazy altar of Hepliaklqana.
  1629 | D:3      | Found a broken altar of Ashenzari.
  1629 | D:3      | Found an iron altar of Okawaru.
  1631 | D:3      | Noticed a black bear
  1641 | D:3      | Found a transporter.
  1673 | D:3      | Found a transporter.
  1830 | D:3      | Reached XP level 5. HP: 33/33 MP: 5/5
  2559 | D:3      | HP: 1/33 [black bear (9)]
  2561 | D:3      | Killed a black bear
  2562 | D:3      | Reached XP level 6. HP: 24/38 MP: 6/6
  2567 | D:3      | Reached skill level 4 in Maces & Flails
  2802 | D:3      | Became a worshipper of Warmaster Okawaru
  3244 | D:4      | Found a radiant altar of Vehumet.
  3261 | D:4      | Found an ancient bone altar of Kikubaaqudgha.
  3263 | D:4      | Found a shimmering blue altar of Sif Muna.
  3267 | D:4      | Identified Kikubaaqudgha's Disquisition on Darkness
  3297 | D:4      | Reached XP level 7. HP: 43/43 MP: 7/7
  3471 | D:4      | Found a shimmering altar of Xom.
  3471 | D:4      | Found a shimmering altar of Xom.
  3472 | D:4      | Found a shimmering altar of Xom.
  3474 | D:4      | Found a shimmering altar of Xom.
  3783 | D:4      | Found an opulent altar of Gozag.
  3965 | D:5      | Entered Level 5 of the Dungeon
  3991 | D:5      | Reached skill level 5 in Maces & Flails
  4170 | D:5      | Noticed Edmund
  4210 | D:5      | Killed Edmund
  4210 | D:5      | Reached * piety under Okawaru
  4421 | D:5      | Reached skill level 5 in Armour
  4519 | D:5      | Reached skill level 5 in Fighting
  4569 | D:5      | Noticed Pikel
  4579 | D:5      | Killed Pikel
  4580 | D:5      | Reached skill level 6 in Maces & Flails
  4580 | D:5      | Reached skill level 5 in Shields
  4580 | D:5      | Reached XP level 8. HP: 48/49 MP: 8/8
  4581 | D:5      | Reached ** piety under Okawaru
  4617 | D:5      | Reached skill level 7 in Maces & Flails
  4975 | D:5      | Found a staircase to the Ecumenical Temple.
  5056 | D:5      | Found a burning altar of Makhleb.
  5087 | D:5      | Noticed Grinder
  5087 | D:5      | Paralysed by Grinder for 2 turns
  5115 | D:5      | Paralysed by Grinder for 6 turns
  5129 | D:5      | Killed Grinder
  5129 | D:5      | Reached *** piety under Okawaru
  5130 | D:5      | Reached XP level 9. HP: 31/54 MP: 9/9
  5319 | D:5      | Found a bloodstained altar of Trog.
  5704 | D:6      | Reached skill level 8 in Maces & Flails
  6094 | D:7      | Got a masterwork scale mail
  6321 | D:7      | Got a transparent bone amulet
  6451 | D:7      | Identified the amulet "Nevvucw" {Inacc rF- Str+4 Int+4}
                  | (You found it on level 7 of the Dungeon)
  6611 | D:7      | Got a bloodstained cloak
  6622 | D:7      | Identified the +2 cloak "Zajucatu" {+Inv rElec rF- rCorr}
                  | (You found it on level 7 of the Dungeon)
  6632 | D:7      | Identified the cursed +1 scale mail of Fedhas's Vengeance
                  | {rC+ Str-3 SInv} (You found it on level 7 of the Dungeon)
  6758 | D:7      | Reached **** piety under Okawaru
  6893 | D:7      | HP: 4/84 [steam dragon/ball of steam (16)]
  6895 | D:7      | Reached skill level 9 in Maces & Flails
  6895 | D:7      | Reached XP level 10. HP: 4/61 MP: 10/10
  7867 | D:8      | Noticed Erica
  7891 | D:8      | Killed Erica
  8014 | D:8      | Found an ancient bone altar of Kikubaaqudgha.
  8390 | D:8      | Identified a scroll of acquirement
  8390 | D:8      | Acquired 1251 gold pieces
  8555 | D:9      | Found a staircase to the Lair.
  8681 | D:9      | Found a flagged portal.
  8690 | Bailey   | Entered a bailey
  8690 | Bailey   | Noticed an orc knight
  8697 | Bailey   | Reached ***** piety under Okawaru
  8733 | Bailey   | Reached skill level 1 in Evocations
  8741 | Bailey   | Killed an orc knight
  8741 | Bailey   | Received a gift from Okawaru
  8756 | Bailey   | Got an ivory mace {god gift}
  8768 | Bailey   | Reached skill level 10 in Maces & Flails
  8937 | Bailey   | Noticed an orc knight
  8980 | Bailey   | Slain by an orc knight

Illustrated notes

Levels and vault maps discovered:
D:1:      scummos_arrival_gate, layout_rooms, minmay_box_of_dots
D:2:      layout_loops_cross, nicolae_overflow_crystal_walls, uniq_terence
D:3:      layout_basic, overflow_temple_1_default,
          gammafunk_temple_overflow_arena
D:4:      layout_gridville, grunt_temple_overflow_magic_moments,
          lemuel_round_altar, xom_redecorated
D:5:      minmay_polygon_palace, layout_rooms, kennysheep_mini,
          lemuel_crystal_altar, minmay_temple_entry_nine_rooms,
          minmay_misc_feat_chi, uniq_pikel, uniq_edmund, uniq_grinder
D:6:      layout_cave_pools, minmay_manual_monstrance
D:7:      kennysheep_steamy, layout_loops_ring, grunt_decor_arrowhead
D:8:      layout_rooms, basic_altar, nicolae_zen_rock_garden, kennysheep_potato,
          uniq_erica
D:9:      layout_loops_corners, dpeg_oklobed_lair, enter_bailey_2, uniq_maurice
Bailey:   bailey_polearm_4, bailey

Skill      XL: |  1  2  3  4  5  6  7  8  9 10 |
---------------+-------------------------------+-----
Maces & Flails | 3 4 6 7 9 10 | 10.0
Dodging        | 1 2 3 4 |  4.3
Shields        | 4 5 6 7 9 |  9.3
Armour         | 4 5 6 7 |  7.0
Fighting       | 4 5 6 |  6.7
Evocations     | 1 |  1.5
Stealth        | |  0.8
Invocations    | |  0.2

Action                   |  1- 3 |  4- 6 |  7- 9 | 10-12 || total
-------------------------+-------+-------+-------+-------++-------
Melee: Flail             |   101 |   238 |   432 |   208 ||   979
Invok: Heroism           |       |       |       |     4 ||     4
 Abil: Evoke Flight      |       |       |       |     4 ||     4
Evoke: Wand              |       |       |     9 |    15 ||    24
  Use: Scroll            |     4 |     7 |    10 |     2 ||    23
       Potion            |       |     1 |     2 |       ||     3
Armor: Scale mail        |     4 |       |    33 |    95 ||   132
       Chain mail        |    41 |       |       |       ||    41
       Ring mail         |    14 |   116 |   179 |       ||   309
Dodge: Dodged            |    23 |   111 |   180 |   111 ||   425
Block: Kite shield       |    58 |   103 |   252 |   158 ||   571
